 Dungeon Crawl Stone Soup version 0.28.0-1-gb440e238dd (webtiles) character file.

Game seed: 4166143053288640190

65 Ablot the Grasshopper (level 4, -1/38 HPs)
             Began as a Gnoll Warper on Feb 21, 2022.
             Slain by Grinder (4 damage)
             ... while paralysed by Grinder
             ... on level 3 of the Dungeon.
             The game lasted 00:02:41 (1446 turns).

Ablot the Grasshopper (Gnoll Warper)                Turns: 1446, Time: 00:02:41

Health: -1/38      AC:  3    Str: 13    XL:     4   Next: 14%
Magic:  11/11      EV:  2    Int: 12    God:
Gold:   80         SH:  0    Dex: 11    Spells: 11/13 levels left

rFire   . . .      SeeInvis .   a - +0 spear
rCold   . . .      Faith    .   (no shield)
rNeg    . . .      Spirit   .   b - +0 leather armour
rPois   .          Reflect  .   (no helmet)
rElec   .          Harm     .   (no cloak)
rCorr   .          Rampage  .   (no gloves)
Will    .....                   (no boots)
Stlth   +.........              i - amulet of regeneration
HPRegen 0.92/turn               (no ring)
MPRegen 0.12/turn               (no ring)

@: paralysed
A: fangs 1, strong nose, distributed training
a: no special abilities


You were on level 3 of the Dungeon.
You visited 1 branch of the dungeon, and saw 3 of its levels.

You collected 80 gold pieces.

Inventory:

Hand Weapons
 a - a +0 spear (weapon)
Missiles
 d - 5 boomerangs of dispersal
 e - 49 stones
 k - 4 javelins (quivered)
 l - 38 sling bullets
 p - 17 arrows
Armour
 b - a +0 leather armour (worn)
Jewellery
 i - an amulet of regeneration (around neck)
Scrolls
 c - a scroll of blinking
 f - a scroll of vulnerability {unknown}
 g - a scroll of identify {unknown}
 m - a scroll of teleportation {unknown}
 q - a scroll of magic mapping {unknown}
Potions
 h - a potion of haste {unknown}
 j - a potion of attraction {unknown}
 n - 2 potions of heal wounds {unknown}
 o - 2 potions of degeneration {unknown}


   Skills:
 + Level 4.6 Fighting
 + Level 1.0 Short Blades
 + Level 1.0 Long Blades
 + Level 1.0 Axes
 + Level 1.0 Maces & Flails
 + Level 4.6 Polearms
 + Level 1.0 Staves
 + Level 1.0 Slings
 + Level 1.0 Bows
 + Level 1.0 Crossbows
 + Level 2.7 Throwing
 + Level 2.7 Armour
 + Level 4.6 Dodging
 + Level 1.0 Stealth
 + Level 1.0 Shields
 + Level 1.0 Unarmed Combat
 + Level 5.0 Spellcasting
 + Level 0.8 Conjurations
 + Level 0.8 Hexes
 + Level 0.8 Summonings
 + Level 0.8 Necromancy
 + Level 5.4 Translocations
 + Level 0.8 Transmutations
 + Level 0.8 Fire Magic
 + Level 0.8 Ice Magic
 + Level 0.8 Air Magic
 + Level 0.8 Earth Magic
 + Level 0.8 Poison Magic
 + Level 1.1 Invocations
 + Level 1.0 Evocations


You had 11 spell levels left.
You knew the following spells:

 Your Spells              Type           Power      Damage    Failure   Level
a - Blink                 Tloc           32%        N/A       4%          2

Your spell library contained the following spells:

 Spells                   Type           Power      Damage    Failure   Level
 Gell's Gravitas          Tloc           16%        N/A       9%          3
 Lesser Beckoning         Tloc           16%        N/A       9%          3
 Teleport Other           Tloc           16%        N/A       9%          3
 Sting                    Tmut/Pois      20%        1d4       19%         1
 Manifold Assault         Tloc           16%        N/A       58%         5


Dungeon Overview and Level Annotations

Branches:
Dungeon (3/15)

Altars:

Annotations:
D:3 Grinder


Innate Abilities, Weirdness & Mutations

You have very sharp teeth.
Your uncanny sense of smell can sniff out nearby items.
Your experience applies equally to all skills.


Message History

You shrug off the repeated paralysis!
Reach: a) +0 spear
Press: ? - help, Dir - move target, f/p - Grinder
Aim: Grinder (lightly wounded, about 40% to evade your +0 spear)
You closely miss Grinder. Your bite misses Grinder.
Grinder is lightly wounded.
Grinder hits you!
* * * LOW HITPOINT WARNING * * *
You writhe in agony.
* * * LOW HITPOINT WARNING * * *
You hit Grinder. Your bite misses Grinder.
Grinder is moderately wounded.
Grinder barely misses you.
You closely miss Grinder.
Grinder is moderately wounded.
Grinder says, "Don't move a muscle."
Grinder gestures at you.
You barely resist. You hit Grinder.
Grinder is moderately wounded.
Grinder blinks!
Throw: 5 javelins
Press: ? - help, Q - select action, (/) - cycle Shift-Dir - straight line, f/p - Grinder
Aim: Grinder (moderately wounded, 55% to hit)
You throw a javelin. The javelin barely misses Grinder.
Unknown command.
You hit Grinder.
Grinder is heavily wounded.
Grinder hits you.
* * * LOW HITPOINT WARNING * * *
You barely miss Grinder. You bite Grinder, but do no damage.
Grinder is heavily wounded.
Grinder gestures at you.
You suddenly lose the ability to move!
Grinder hits you.
* * * LOW HITPOINT WARNING * * *
You writhe in agony.
* * * LOW HITPOINT WARNING * * *
Grinder hits you.
You die...

############
.....^.....#
...........#######
...(.....5@'......
...........#######
..######...######
#..).......
#<...##### #....#
#....# ####....#
.........####


You could see Grinder.

Vanquished Creatures
  An adder (D:2)
  A worm (D:2)
  A dart slug (D:2)
  An orc (D:3)
  4 ball pythons
  3 bats
  6 endoplasms
  2 giant cockroaches (D:2)
  8 hobgoblins
  2 kobolds (D:1)
  2 quokkas (D:1)
  3 frilled lizards
  5 goblins
  6 rats
45 creatures vanquished.

Vanquished Creatures (others)
  3 plants (D:2)
3 creatures vanquished.

Grand Total: 48 creatures vanquished

Notes
Turn   | Place    | Note
-------+----------+-------------------------------------------
     0 | D:1      | Ablot the Gnoll Warper began the quest for the Orb.
     0 | D:1      | Reached XP level 1. HP: 20/20 MP: 6/6
   129 | D:1      | Reached XP level 2. HP: 22/26 MP: 7/7
   132 | D:1      | Learned a level 2 spell: Blink
   491 | D:1      | Found a faded altar of an unknown god.
   499 | D:1      | Got Plato's Compendium of Shape Shifting
   705 | D:2      | Reached XP level 3. HP: 29/31 MP: 9/9
   727 | D:2      | Reached skill level 5 in Spellcasting
   833 | D:2      | Reached skill level 1 in Invocations
   918 | D:2      | Reached skill level 1 in Short Blades
   918 | D:2      | Reached skill level 1 in Long Blades
   918 | D:2      | Reached skill level 1 in Axes
   918 | D:2      | Reached skill level 1 in Maces & Flails
   918 | D:2      | Reached skill level 1 in Staves
   918 | D:2      | Reached skill level 1 in Slings
   918 | D:2      | Reached skill level 1 in Bows
   918 | D:2      | Reached skill level 1 in Crossbows
   918 | D:2      | Reached skill level 1 in Stealth
   918 | D:2      | Reached skill level 1 in Shields
   918 | D:2      | Reached skill level 1 in Unarmed Combat
   918 | D:2      | Reached skill level 1 in Evocations
  1095 | D:2      | Reached XP level 4. HP: 38/38 MP: 11/11
  1425 | D:3      | Noticed Grinder
  1428 | D:3      | Paralysed by Grinder for 6 turns
  1444 | D:3      | Paralysed by Grinder for 3 turns
  1446 | D:3      | Slain by Grinder

Illustrated notes

Levels and vault maps discovered:
D:1:      dpeg_arrival_windows_large_door, layout_basic,
          shapermc_ecumenical_altar_rom_forum
D:2:      layout_rooms, serial_forest, infiniplex_forest_lined_corner,
          infiniplex_forest_straight_2, infiniplex_forest_diagonal,
          infiniplex_forest_straight_3, infiniplex_forest_clump_diagonal,
          infiniplex_forest_lined_2
D:3:      layout_basic, nzn_wu_jian_contemplation,
          lemuel_coloured_pillars_altar, dk_vineyard_3,
          kennysheep_pointless_box, kennysheep_cluttered_room, uniq_grinder,
          uniq_jessica

Skill      XL: |  1  2  3 |
---------------+----------+-----
Spellcasting   | 5 |  5.0
Invocations    | 1 |  1.1
Short Blades   | 1 |  1.0
Long Blades    | 1 |  1.0
Axes           | 1 |  1.0
Maces & Flails | 1 |  1.0
Staves         | 1 |  1.0
Slings         | 1 |  1.0
Bows           | 1 |  1.0
Crossbows      | 1 |  1.0
Stealth        | 1 |  1.0
Shields        | 1 |  1.0
Unarmed Combat | 1 |  1.0
Evocations     | 1 |  1.0
Fighting       | |  4.6
Polearms       | |  4.6
Throwing       | |  2.7
Armour         | |  2.7
Dodging        | |  4.6
Conjurations   | |  0.8
Hexes          | |  0.8
Summonings     | |  0.8
Necromancy     | |  0.8
Translocations | |  5.4
Transmutations | |  0.8
Fire Magic     | |  0.8
Ice Magic      | |  0.8
Air Magic      | |  0.8
Earth Magic    | |  0.8
Poison Magic   | |  0.8

Action                   |  1- 3 |  4- 6 || total
-------------------------+-------+-------++-------
Melee: Spear             |   154 |    30 ||   184
       Bite              |    12 |     1 ||    13
       Punch             |     1 |     1 ||     2
Throw: Javelin           |       |     1 ||     1
 Stab: Sleeping          |     1 |       ||     1
Armor: Leather armour    |    31 |       ||    31
Dodge: Dodged            |    74 |    10 ||    84
